 Dungeon Crawl Stone Soup version 0.29.0-4-gdea44cf6ec (webtiles) character file.

Game seed: 12296105544282072661

15558 qw the Brawler (level 12, -15/118 HPs)
             Began as a Troll Cinder Acolyte on Aug 31, 2022.
             Was a Follower of Okawaru.
             Demolished by a death yak (18 damage)
             ... on level 2 of the Lair of Beasts.
             The game lasted 00:05:20 (10156 turns).

qw the Brawler (Troll Cinder Acolyte)              Turns: 10156, Time: 00:05:20

Health: -15/118    AC: 11    Str: 29    XL:     12   Next: 2%
Magic:  10/12      EV: 10    Int: 10    God:    Okawaru [*.....]
Gold:   659        SH:  5    Dex:  5    Spells: 13/13 levels left

rFire   . . .      SeeInvis .     - Unarmed
rCold   . . .      Faith    .   (no shield)
rNeg    . . .      Spirit   .   k - +0 troll leather armour
rPois   +          Reflect  +   m - +2 hat
rElec   .          Harm     .   c - +1 cloak
rCorr   .          Rampage  .   (gloves unavailable)
Will    .....                   (boots unavailable)
Stlth   ++........              q - amulet of reflection
HPRegen 1.89/turn               o - ring of poison resistance
MPRegen 0.13/turn               h - ring of protection from fire

@: about to teleport, heroic, fire susceptible
A: large, unfitting armour, claws 3, regeneration 1, shaggy fur 1, tough skin 1
a: Renounce Religion, Heroism


You were on level 2 of the Lair of Beasts.
You worshipped Okawaru.
Okawaru was aware of your devotion.
You visited 2 branches of the dungeon, and saw 13 of its levels.

You collected 899 gold pieces.
You spent 240 gold pieces at shops.


Innate Abilities, Weirdness & Mutations

You are too large for most types of armour.
You have claws for hands.
Your natural rate of healing is unusually fast.
You are covered in fur. (AC +1)
You have tough skin. (AC +1)


   Skills:
 - Level 7.1(12.1) Fighting
 - Level 2.2(7.2) Throwing
 - Level 2.4(7.4) Armour
 - Level 2.2(7.2) Dodging
 + Level 17.0(22.0) Unarmed Combat
 - Level 1.0 Spellcasting
 - Level 2.1 Fire Magic
 + Level 1.6 Invocations


You had 13 spell levels left.
You didn't know any spells.
Your spell library contained the following spells:

 Spells                   Type           Power      Damage    Failure   Level
 Scorch                   Fire           8%         2d5       24%         2

Inventory:

Armour
 c - a +1 cloak (worn)
 k - a +0 troll leather armour (worn)
 m - a +2 hat (worn)
Jewellery
 h - a ring of protection from fire (right claw)
 o - a ring of poison resistance (left claw)
 p - a ring of positive energy
 q - an amulet of reflection (around neck)
Scrolls
 d - 7 scrolls of identify
 l - a scroll of teleportation
 n - 2 scrolls of enchant weapon
Potions
 b - 4 potions of haste
 e - 7 potions of curing
 g - 2 potions of cancellation
 i - a potion of heal wounds
 r - a potion of magic

Dungeon Overview and Level Annotations

Branches:
Dungeon (10/15)            Temple (0/1) D:7            Lair (3/5) D:10
  Swamp: Lair:2-3    Shoals: Lair:2-3     Snake: Lair:2-3    Spider: Lair:2-3
    Orc: D:9-12

Altars:
Ashenzari
Cheibriados
Dithmenos
Elyvilon
Fedhas
Gozag
Hepliaklqana
Kikubaaqudgha
Nemelex Xobeh
Okawaru
Qazlal
Ru
Sif Muna
Vehumet
Wu Jian
Xom
Yredelemnul
Zin

Shops:
D:5 !


Message History

You kill the ten-headed hydra!
Okawaru accepts your kill.
Your base Dodging skill increases to level 2!
Your Invocations skill increases to level 1!
You have reached level 12!
You feel stronger.
You start resting.
You feel like a meek peon again.
Magic restored.
You start resting.
HP restored.
Done exploring.
(D) Dungeon (T) Temple (L) Lair
Where to? (* - list waypoints, Enter - Lair:3, ? - help)
What level of the Lair of Beasts? (default 1, ? - help)
You climb downwards.
The black mamba hisses angrily.
Something stings the fungus!!
The fungus begins to die.
The death yak gores you!!
The death yak gores you but does no damage. x2
The death yak gores you.
Something stings the fungus.
The fungus begins to die.
The death yak gores you!
An electric eel comes into view.
The death yak gores you!! The death yak barely misses you.
The death yak misses you.
There is a stone staircase leading up, spattered with blood here.
10153 ||| STAIRDANCE The death yak gores you.
The death yak gores you!!
The death yak gores you but does no damage.
You block the death yak's attack. The death yak gores you!
You climb upwards.
There is a stone staircase leading down, spattered with blood here.
10155 ||| INVOKING Heroism.
You gain the combat prowess of a mighty hero.
The death yak gores you. x3; The death yak gores you!!
The death yak gores you but does no damage.
10156 ||| READING 2 scrolls of teleportation.
As you read the scroll of teleportation, it crumbles to dust.
You feel strangely unstable. The death yak gores you!!
You die...

### ### ##P########### ### ###
###
#.###..#..##..##P###.#####.###.#
#.............Y@Y...............
#....#+##.....YYYP+.+#..........
##..................#..#.....##.#
#...P............#....P#.....P###
##...............#...........###.
#........#......##....#.....P#..
#..#.....P......#....##.........
##..#............##.####.......#.
#P..###.##P......#..#.##......###


You could see 5 death yaks.

Vanquished Creatures
  A hydra (Lair:2)
  2 two-headed ogres (D:10)
  4 death yaks
  Pikel (D:7)
  A black mamba (Lair:1)
  A torpor snail (Lair:1)
  Psyche (D:8)
  2 cane toads
  A komodo dragon (Lair:1)
  Grinder (D:5)
  A troll (D:10)
  3 blink frogs (Lair:2)
  A vampire (D:9)
  2 wyverns
  A wraith (D:9)
  16 yaks
  6 steam dragons
  A basilisk (Lair:2)
  Menkaure (D:7)
  4 water moccasins
  4 ice beasts
  A sky beast (D:7)
  A black bear (Lair:2)
  4 ogres
  6 wolves (Lair:1)
  3 centaurs
  2 phantoms
  A kobold brigand (D:8)
  A lemure (D:7)
  A gnoll sergeant (D:9)
  A necrophage (D:7)
  4 scorpions
  8 bullfrogs
  8 wights
  6 killer bees (D:10)
  2 howler monkeys
  A jelly (D:4)
  A hound (D:6)
  2 orc priests
  A gnoll bouda (D:9)
  3 iguanas
  3 orc wizards (D:7)
  2 hell rats (D:10)
  A mummy (D:3)
  2 river rats (D:10)
  6 adders
  18 gnolls
  2 shadow imps
  2 white imps
  3 dart slugs
  19 orcs
  6 endoplasms
  6 giant cockroaches
  A hobgoblin (D:4)
  8 jackals
  7 quokkas
  4 ball pythons
  3 bats
  13 kobolds
  6 rats
224 creatures vanquished.

Vanquished Creatures (others)
  3 plants (D:5)
3 creatures vanquished.

Grand Total: 227 creatures vanquished

Notes
Turn   | Place    | Note
-------+----------+-------------------------------------------
     0 | D:1      | qw the Troll Cinder Acolyte began the quest for the Orb.
     0 | D:1      | Reached XP level 1. HP: 22/22 MP: 1/1
     0 | D:1      | 0 ||| qw: Version: 0.1-a-97-g2dd2ca4
     0 | D:1      | 0 ||| qw: Game counter: 4532
     0 | D:1      | 0 ||| qw: Always use a shield: true
     0 | D:1      | 0 ||| qw: God list: Okawaru
     0 | D:1      | 0 ||| qw: Allow faded altars: false
     0 | D:1      | 0 ||| qw: Do Orc after D:15 true
     0 | D:1      | 0 ||| qw: Do second Lair branch before Depths: true
     0 | D:1      | 0 ||| qw: Lair rune preference: random
     0 | D:1      | 0 ||| qw: Plans: Normal
     0 | D:1      | 0 ||| PLANNING D:1-11
    32 | D:1      | 32 ||| Stepping ~*~*~tactically~*~*~ (hiding).
    56 | D:1      | Reached XP level 2. HP: 29/29 MP: 2/2
    66 | D:1      | Found a faded altar of an unknown god.
   444 | D:1      | Reached skill level 4 in Unarmed Combat
   609 | D:1      | 609 ||| READING 2 scrolls labelled IROOH RUGA.
   624 | D:1      | 624 ||| READING scroll labelled XUMEOMMUMMI.
   625 | D:1      | 625 ||| READING scroll labelled REUFEANEOT.
   626 | D:1      | 626 ||| DROPPING scroll of torment.
   826 | D:2      | Reached XP level 3. HP: 31/36 MP: 3/3
  1015 | D:2      | 1015 ||| Stepping ~*~*~tactically~*~*~ (hiding).
  1567 | D:2      | 1567 ||| UPGRADING to ring of positive energy.
  1568 | D:2      | 1568 ||| READING 2 scrolls of identify.
  1568 | D:2      | 1568 ||| IDENTIFYING sedimented puce potion
  1569 | D:2      | 1569 ||| DROPPING potion of degeneration.
  1583 | D:3      | 1583 ||| STAIRDANCE
  1869 | D:3      | 1869 ||| Stepping ~*~*~tactically~*~*~ (stealth).
  1871 | D:3      | 1871 ||| Stepping ~*~*~tactically~*~*~ (stealth).
  1873 | D:3      | 1873 ||| INVOKING Fiery Armour.
  1875 | D:3      | Reached skill level 5 in Unarmed Combat
  1875 | D:3      | Reached XP level 4. HP: 44/44 MP: 4/4
  1876 | D:3      | 1876 ||| Stepping ~*~*~tactically~*~*~ (stealth).
  1901 | D:3      | 1901 ||| Stepping ~*~*~tactically~*~*~ (hiding).
  1977 | D:3      | Reached XP level 5. HP: 50/50 MP: 5/5
  1990 | D:3      | Found a snail-covered altar of Cheibriados.
  2241 | D:3      | Found a shimmering blue altar of Sif Muna.
  2242 | D:3      | Found an iron altar of Okawaru.
  2244 | D:3      | You fall into a shaft and drop 1 floor!
  2247 | D:4      | 2247 ||| Stepping ~*~*~tactically~*~*~ (hiding).
  2254 | D:4      | Reached skill level 6 in Unarmed Combat
  2256 | D:4      | 2256 ||| INVOKING Fiery Armour.
  2276 | D:4      | Noticed an ogre
  2284 | D:4      | Killed an ogre
  2285 | D:4      | Reached XP level 6. HP: 50/59 MP: 6/6
  2303 | D:4      | Found a radiant altar of Vehumet.
  2341 | D:4      | 2341 ||| READING scroll labelled NEYRUHY QAWIPA.
  2342 | D:4      | 2342 ||| READING scroll labelled UPUIM OMIWUTIL.
  2354 | D:4      | 2354 ||| READING scroll labelled EMYFAZIRCHE.
  2355 | D:4      | 2355 ||| DRINKING 2 metallic clear potions.
  2356 | D:4      | 2356 ||| DRINKING 2 sedimented grey potions.
  2390 | D:4      | 2390 ||| READING 2 scrolls of identify.
  2390 | D:4      | 2390 ||| IDENTIFYING glowing white potion
  2391 | D:4      | 2391 ||| DROPPING potion of lignification.
  2397 | D:4      | Found an ancient bone altar of Kikubaaqudgha.
  2400 | D:4      | 2400 ||| Stepping ~*~*~tactically~*~*~ (stealth).
  2402 | D:4      | 2402 ||| INVOKING Fiery Armour.
  2407 | D:4      | Reached skill level 7 in Unarmed Combat
  2484 | D:4      | 2484 ||| Stepping ~*~*~tactically~*~*~ (outnumbered).
  2597 | D:3      | 2597 ||| READING scroll labelled QUBBAR FAEMIA.
  2598 | D:3      | 2598 ||| Stepping randomly (stuck).
  2599 | D:3      | 2599 ||| Stepping ~*~*~tactically~*~*~ (cloud).
  2669 | D:4      | Reached skill level 1 in Throwing
  2689 | D:4      | Found an ornate altar of the Wu Jian Council.
  2867 | D:4      | Reached XP level 7. HP: 47/66 MP: 7/7
  2897 | D:4      | Found a blossoming altar of Fedhas.
  3177 | D:4      | 3177 ||| READING scroll labelled MAMORY LUYP.
  3200 | D:5      | Entered Level 5 of the Dungeon
  3214 | D:5      | 3214 ||| Stepping ~*~*~tactically~*~*~ (stealth).
  3223 | D:5      | Reached skill level 8 in Unarmed Combat
  3246 | D:5      | 3246 ||| Stepping ~*~*~tactically~*~*~ (stealth).
  3250 | D:5      | 3250 ||| Stepping ~*~*~tactically~*~*~ (outnumbered).
  3307 | D:5      | 3307 ||| Stepping ~*~*~tactically~*~*~ (hiding).
  3443 | D:5      | Reached skill level 3 in Fighting
  3521 | D:5      | 3521 ||| Stepping ~*~*~tactically~*~*~ (hiding).
  3630 | D:5      | Noticed Grinder
  3641 | D:5      | Killed Grinder
  3642 | D:5      | Reached skill level 9 in Unarmed Combat
  3642 | D:5      | Reached XP level 8. HP: 57/75 MP: 8/8
  3664 | D:5      | Found Tuebuat's Distillery.
  3671 | D:5      | 3671 ||| BUYING 2 potions of curing (90 gold).
  3671 | D:5      | Bought 2 potions of curing for 90 gold pieces
  3671 | D:5      | 3671 ||| BUYING potion of haste (150 gold).
  3671 | D:5      | Bought a potion of haste for 150 gold pieces
  3671 | D:5      | 3671 ||| SHOPLISTING potion of heal wounds (75 gold, have
                  | 49).
  3671 | D:5      | 3671 ||| SHOPLISTING potion of might (60 gold, have 49).
  3671 | D:5      | 3671 ||| SHOPLISTING potion of mutation (120 gold, have
                  | 49).
  3701 | D:5      | 3701 ||| FLEEEEING.
  3704 | D:5      | 3704 ||| FLEEEEING.
  3705 | D:5      | 3705 ||| FLEEEEING.
  3706 | D:5      | 3706 ||| FLEEEEING.
  3711 | D:5      | 3711 ||| FLEEEEING.
  3712 | D:5      | 3712 ||| FLEEEEING.
  3713 | D:5      | 3713 ||| FLEEEEING.
  3716 | D:5      | 3716 ||| FLEEEEING.
  3717 | D:5      | 3717 ||| FLEEEEING.
  3718 | D:5      | 3718 ||| FLEEEEING.
  3719 | D:5      | 3719 ||| FLEEEEING.
  3721 | D:5      | 3721 ||| FLEEEEING.
  3724 | D:5      | 3724 ||| FLEEEEING.
  3725 | D:5      | 3725 ||| FLEEEEING.
  3730 | D:5      | 3730 ||| FLEEEEING.
  3731 | D:5      | 3731 ||| STAIRDANCE
  3733 | D:4      | 3733 ||| UPGRADING to +0 cloak.
  3738 | D:4      | 3738 ||| DROPPING amulet of magic regeneration.
  3739 | D:4      | 3739 ||| READING scroll labelled UHIB ZOIDONLA.
  3740 | D:4      | 3740 ||| READING scroll labelled JENWAW SAHAOG.
  3741 | D:4      | 3741 ||| READING scroll labelled HELUUDEUBO.
  3742 | D:4      | 3742 ||| READING 2 scrolls of identify.
  3742 | D:4      | 3742 ||| IDENTIFYING bubbling silvery potion
  3749 | D:5      | 3749 ||| INVOKING Fiery Armour.
  3753 | D:5      | Reached skill level 1 in Dodging
  3753 | D:5      | 3753 ||| STAIRDANCE
  4113 | D:6      | 4113 ||| Stepping ~*~*~tactically~*~*~ (stealth).
  4129 | D:6      | Reached skill level 10 in Unarmed Combat
  4163 | D:6      | Identified the +1 rapier "Naroh" {venom, Str+3 Int+3 SInv}
  4328 | D:6      | Found a glowing silver altar of Zin.
  4777 | D:6      | 4777 ||| UPGRADING to ring of protection from fire.
  4797 | D:7      | 4797 ||| Stepping ~*~*~tactically~*~*~ (outnumbered).
  4798 | D:7      | 4798 ||| Stepping ~*~*~tactically~*~*~ (outnumbered).
  4799 | D:7      | 4799 ||| Stepping ~*~*~tactically~*~*~ (outnumbered).
  4800 | D:7      | 4800 ||| Stepping ~*~*~tactically~*~*~ (outnumbered).
  4801 | D:7      | 4801 ||| Stepping ~*~*~tactically~*~*~ (outnumbered).
  4809 | D:7      | 4809 ||| INVOKING Fiery Armour.
  4881 | D:7      | 4881 ||| Stepping ~*~*~tactically~*~*~ (stealth).
  4938 | D:7      | 4938 ||| Stepping ~*~*~tactically~*~*~ (hiding).
  4947 | D:7      | Reached skill level 11 in Unarmed Combat
  4947 | D:7      | Reached XP level 9. HP: 77/84 MP: 9/9
  4971 | D:7      | Noticed Menkaure
  4978 | D:7      | Killed Menkaure
  5015 | D:7      | 5015 ||| Stepping ~*~*~tactically~*~*~ (stealth).
  5016 | D:7      | 5016 ||| Stepping ~*~*~tactically~*~*~ (stealth).
  5032 | D:7      | 5032 ||| Stepping ~*~*~tactically~*~*~ (stealth).
  5034 | D:7      | Noticed Pikel
  5048 | D:7      | 5048 ||| INVOKING Fiery Armour.
  5050 | D:7      | Killed Pikel
  5051 | D:7      | 5051 ||| FLEEEEING.
  5052 | D:7      | 5052 ||| FLEEEEING.
  5053 | D:7      | 5053 ||| FLEEEEING.
  5054 | D:7      | 5054 ||| FLEEEEING.
  5055 | D:7      | 5055 ||| FLEEEEING.
  5056 | D:7      | 5056 ||| FLEEEEING.
  5058 | D:7      | 5058 ||| FLEEEEING.
  5059 | D:7      | 5059 ||| FLEEEEING.
  5060 | D:7      | 5060 ||| FLEEEEING.
  5061 | D:7      | 5061 ||| FLEEEEING.
  5062 | D:7      | 5062 ||| FLEEEEING.
  5063 | D:7      | 5063 ||| FLEEEEING.
  5064 | D:7      | 5064 ||| FLEEEEING.
  5065 | D:7      | 5065 ||| FLEEEEING.
  5066 | D:7      | 5066 ||| FLEEEEING.
  5067 | D:7      | 5067 ||| FLEEEEING.
  5068 | D:7      | 5068 ||| FLEEEEING.
  5069 | D:7      | 5069 ||| FLEEEEING.
  5070 | D:7      | 5070 ||| FLEEEEING.
  5071 | D:7      | 5071 ||| FLEEEEING.
  5072 | D:7      | 5072 ||| FLEEEEING.
  5073 | D:7      | 5073 ||| FLEEEEING.
  5074 | D:7      | 5074 ||| FLEEEEING.
  5075 | D:7      | 5075 ||| FLEEEEING.
  5076 | D:7      | 5076 ||| FLEEEEING.
  5077 | D:7      | 5077 ||| FLEEEEING.
  5078 | D:7      | 5078 ||| FLEEEEING.
  5079 | D:7      | 5079 ||| FLEEEEING.
  5080 | D:7      | 5080 ||| FLEEEEING.
  5081 | D:7      | 5081 ||| FLEEEEING.
  5082 | D:7      | 5082 ||| FLEEEEING.
  5083 | D:7      | 5083 ||| FLEEEEING.
  5084 | D:7      | 5084 ||| FLEEEEING.
  5085 | D:7      | 5085 ||| FLEEEEING.
  5086 | D:7      | 5086 ||| FLEEEEING.
  5087 | D:7      | 5087 ||| FLEEEEING.
  5088 | D:7      | 5088 ||| FLEEEEING.
  5089 | D:7      | 5089 ||| FLEEEEING.
  5124 | D:7      | Found a broken altar of Ashenzari.
  5130 | D:7      | Reached skill level 12 in Unarmed Combat
  5148 | D:7      | 5148 ||| Stepping ~*~*~tactically~*~*~ (stealth).
  5150 | D:7      | 5150 ||| Stepping ~*~*~tactically~*~*~ (hiding).
  5151 | D:7      | 5151 ||| Stepping ~*~*~tactically~*~*~ (hiding).
  5153 | D:7      | 5153 ||| Stepping ~*~*~tactically~*~*~ (hiding).
  5154 | D:7      | 5154 ||| Stepping ~*~*~tactically~*~*~ (hiding).
  5155 | D:7      | 5155 ||| Stepping ~*~*~tactically~*~*~ (hiding).
  5210 | D:7      | Found a staircase to the Ecumenical Temple.
  5218 | D:7      | 5218 ||| Stepping ~*~*~tactically~*~*~ (hiding).
  5424 | D:7      | 5424 ||| Stepping ~*~*~tactically~*~*~ (outnumbered).
  5441 | D:7      | Found a hazy altar of Hepliaklqana.
  5549 | D:7      | 5549 ||| Stepping ~*~*~tactically~*~*~ (hiding).
  5561 | D:7      | 5561 ||| FLEEEEING.
  5562 | D:7      | 5562 ||| FLEEEEING.
  5563 | D:7      | 5563 ||| FLEEEEING.
  5564 | D:7      | 5564 ||| FLEEEEING.
  5565 | D:7      | 5565 ||| FLEEEEING.
  5566 | D:7      | 5566 ||| FLEEEEING.
  5567 | D:7      | 5567 ||| FLEEEEING.
  5568 | D:7      | 5568 ||| FLEEEEING.
  5569 | D:7      | 5569 ||| FLEEEEING.
  5570 | D:7      | 5570 ||| FLEEEEING.
  5571 | D:7      | 5571 ||| FLEEEEING.
  5611 | D:7      | 5611 ||| Stepping ~*~*~tactically~*~*~ (hiding).
  5737 | D:7      | Found a basalt altar of Yredelemnul.
  5795 | D:7      | 5795 ||| READING scroll labelled YDWESU UGHULY.
  5796 | D:7      | 5796 ||| READING scroll labelled XIGYNUS CUDIAWN.
  5959 | D:8      | Reached skill level 13 in Unarmed Combat
  6092 | D:8      | Found a stormy altar of Qazlal.
  6342 | D:8      | Reached XP level 10. HP: 96/96 MP: 10/10
  6351 | D:8      | 6351 ||| INVOKING Fiery Armour.
  6352 | D:8      | 6352 ||| Stepping ~*~*~tactically~*~*~ (outnumbered).
  6353 | D:8      | 6353 ||| Stepping ~*~*~tactically~*~*~ (outnumbered).
  6359 | D:8      | Reached skill level 1 in Armour
  6513 | D:8      | 6513 ||| READING scroll labelled QIBEMA VYGURR.
  6520 | D:9      | 6520 ||| INVOKING Fiery Armour.
  6521 | D:9      | 6521 ||| Stepping ~*~*~tactically~*~*~ (outnumbered).
  6522 | D:9      | 6522 ||| Stepping ~*~*~tactically~*~*~ (outnumbered).
  6524 | D:9      | 6524 ||| Stepping ~*~*~tactically~*~*~ (outnumbered).
  6525 | D:9      | 6525 ||| Stepping ~*~*~tactically~*~*~ (outnumbered).
  6581 | D:9      | 6581 ||| FLEEEEING.
  6582 | D:9      | 6582 ||| FLEEEEING.
  6583 | D:9      | 6583 ||| FLEEEEING.
  6584 | D:9      | 6584 ||| FLEEEEING.
  6585 | D:9      | 6585 ||| FLEEEEING.
  6586 | D:9      | 6586 ||| FLEEEEING.
  6586 | D:9      | Noticed Psyche
  6593 | D:9      | 6593 ||| FLEEEEING.
  6594 | D:9      | 6594 ||| FLEEEEING.
  6595 | D:9      | 6595 ||| FLEEEEING.
  6596 | D:9      | 6596 ||| STAIRDANCE
  6602 | D:8      | Killed Psyche
  6632 | D:8      | 6632 ||| UPGRADING to +2 robe of positive energy.
  6642 | D:8      | 6642 ||| DROPPING +0 robe.
  6643 | D:8      | 6643 ||| READING 7 scrolls of identify.
  6643 | D:8      | 6643 ||| IDENTIFYING lumpy ruby potion
  6644 | D:8      | 6644 ||| DROPPING potion of attraction.
  6648 | D:9      | 6648 ||| STAIRDANCE
  6655 | D:9      | 6655 ||| STAIRDANCE
  6657 | D:8      | 6657 ||| Stepping ~*~*~tactically~*~*~ (outnumbered).
  6658 | D:8      | 6658 ||| Stepping ~*~*~tactically~*~*~ (outnumbered).
  6659 | D:8      | 6659 ||| Stepping ~*~*~tactically~*~*~ (outnumbered).
  6660 | D:8      | 6660 ||| Stepping ~*~*~tactically~*~*~ (outnumbered).
  6661 | D:8      | 6661 ||| Stepping ~*~*~tactically~*~*~ (outnumbered).
  6662 | D:8      | 6662 ||| Stepping ~*~*~tactically~*~*~ (outnumbered).
  6663 | D:8      | 6663 ||| Stepping ~*~*~tactically~*~*~ (outnumbered).
  6664 | D:8      | 6664 ||| Stepping ~*~*~tactically~*~*~ (outnumbered).
  6665 | D:8      | 6665 ||| Stepping ~*~*~tactically~*~*~ (outnumbered).
  6666 | D:8      | 6666 ||| Stepping ~*~*~tactically~*~*~ (outnumbered).
  6667 | D:8      | 6667 ||| Stepping ~*~*~tactically~*~*~ (outnumbered).
  6668 | D:8      | 6668 ||| Stepping ~*~*~tactically~*~*~ (outnumbered).
  6669 | D:8      | 6669 ||| Stepping ~*~*~tactically~*~*~ (outnumbered).
  6671 | D:8      | 6671 ||| Stepping ~*~*~tactically~*~*~ (outnumbered).
  6742 | D:9      | 6742 ||| DRINKING 6 potions of curing.
  6742 | D:9      | 6742 ||| (to cure confusion)
  6848 | D:9      | 6848 ||| Stepping ~*~*~tactically~*~*~ (stealth).
  6850 | D:9      | 6850 ||| Stepping ~*~*~tactically~*~*~ (hiding).
  6851 | D:9      | 6851 ||| Stepping ~*~*~tactically~*~*~ (hiding).
  6852 | D:9      | 6852 ||| Stepping ~*~*~tactically~*~*~ (hiding).
  6870 | D:9      | 6870 ||| Stepping ~*~*~tactically~*~*~ (stealth).
  6877 | D:9      | 6877 ||| Stepping ~*~*~tactically~*~*~ (stealth).
  6878 | D:9      | 6878 ||| Stepping ~*~*~tactically~*~*~ (stealth).
  6890 | D:9      | 6890 ||| Stepping ~*~*~tactically~*~*~ (hiding).
  6891 | D:9      | 6891 ||| Stepping ~*~*~tactically~*~*~ (hiding).
  6968 | D:9      | Reached skill level 14 in Unarmed Combat
  6968 | D:9      | 6968 ||| INVOKING Fiery Armour.
  7047 | D:9      | Found an opulent altar of Gozag.
  7226 | D:9      | Found a sacrificial altar of Ru.
  7360 | D:9      | Found a sacrificial altar of Ru.
  7362 | D:9      | Found a snail-covered altar of Cheibriados.
  7362 | D:9      | Found a shimmering altar of Xom.
  7364 | D:9      | Found a sparkling altar of Nemelex Xobeh.
  7364 | D:9      | Found a sacrificial altar of Ru.
  7364 | D:9      | Found a white marble altar of Elyvilon.
  7561 | D:9      | 7561 ||| UPGRADING to amulet of the acrobat.
  7566 | D:9      | 7566 ||| READING scroll labelled UCLE TIGIU.
  7589 | D:10     | Entered Level 10 of the Dungeon
  7611 | D:10     | Noticed a two-headed ogre
  7618 | D:10     | Killed a two-headed ogre
  7619 | D:10     | Reached skill level 6 in Fighting
  7684 | D:10     | 7684 ||| FLEEEEING.
  7685 | D:10     | 7685 ||| FLEEEEING.
  7687 | D:10     | 7687 ||| FLEEEEING.
  7688 | D:10     | 7688 ||| STAIRDANCE
  7790 | D:9      | 7790 ||| UPGRADING to +0 troll leather armour.
  7800 | D:9      | 7800 ||| DROPPING +2 robe of positive energy.
  7886 | D:10     | Noticed a two-headed ogre
  7887 | D:10     | 7887 ||| Stepping ~*~*~tactically~*~*~ (stealth).
  7892 | D:10     | Killed a two-headed ogre
  7921 | D:10     | Found a staircase to the Lair.
  7935 | D:10     | 7935 ||| INVOKING Fiery Armour.
  8009 | D:10     | 8009 ||| Stepping ~*~*~tactically~*~*~ (stealth).
  8010 | D:10     | 8010 ||| Stepping ~*~*~tactically~*~*~ (stealth).
  8015 | D:10     | Noticed a death yak
  8024 | D:10     | Noticed a death yak
  8027 | D:10     | Noticed a death yak
  8033 | D:10     | Killed a death yak
  8034 | D:10     | Reached skill level 15 in Unarmed Combat
  8034 | D:10     | Reached XP level 11. HP: 107/107 MP: 11/11
  8039 | D:10     | 8039 ||| Stepping ~*~*~tactically~*~*~ (outnumbered).
  8040 | D:10     | 8040 ||| Stepping ~*~*~tactically~*~*~ (outnumbered).
  8041 | D:10     | 8041 ||| Stepping ~*~*~tactically~*~*~ (outnumbered).
  8042 | D:10     | 8042 ||| Stepping ~*~*~tactically~*~*~ (outnumbered).
  8043 | D:10     | HP: 19/107 [death yak (15)]
  8044 | D:10     | 8044 ||| READING 3 scrolls of teleportation.
  8044 | D:10     | HP: 8/107 [death yak (12)]
  8045 | D:10     | 8045 ||| DRINKING 2 potions of heal wounds.
  8046 | D:10     | 8046 ||| Stepping ~*~*~tactically~*~*~ (outnumbered).
  8047 | D:10     | 8047 ||| Stepping ~*~*~tactically~*~*~ (outnumbered).
  8104 | D:10     | 8104 ||| Stepping ~*~*~tactically~*~*~ (stealth).
  8105 | D:10     | 8105 ||| Stepping ~*~*~tactically~*~*~ (stealth).
  8106 | D:10     | 8106 ||| Stepping ~*~*~tactically~*~*~ (stealth).
  8114 | D:10     | Found a shadowy altar of Dithmenos.
  8205 | D:10     | 8205 ||| PLANNING LAIR
  8205 | D:10     | 8205 ||| UPGRADING to +2 hat.
  8210 | D:10     | 8210 ||| READING 7 scrolls of identify.
  8210 | D:10     | 8210 ||| IDENTIFYING black potion
  8218 | D:10     | 8218 ||| INVOKING Fiery Armour.
  8229 | D:10     | 8229 ||| Stepping ~*~*~tactically~*~*~ (outnumbered).
  8230 | D:10     | 8230 ||| Stepping ~*~*~tactically~*~*~ (outnumbered).
  8232 | D:10     | 8232 ||| Stepping ~*~*~tactically~*~*~ (outnumbered).
  8233 | D:10     | 8233 ||| Stepping ~*~*~tactically~*~*~ (outnumbered).
  8234 | D:10     | Killed a death yak
  8237 | D:10     | 8237 ||| Stepping ~*~*~tactically~*~*~ (outnumbered).
  8243 | D:10     | Killed a death yak
  8270 | Lair:1   | Entered Level 1 of the Lair of Beasts
  8277 | Lair:1   | 8277 ||| Stepping ~*~*~tactically~*~*~ (outnumbered).
  8282 | Lair:1   | 8282 ||| Stepping ~*~*~tactically~*~*~ (outnumbered).
  8317 | Lair:1   | Noticed a death yak
  8321 | Lair:1   | 8321 ||| Stepping ~*~*~tactically~*~*~ (outnumbered).
  8323 | Lair:1   | 8323 ||| Stepping ~*~*~tactically~*~*~ (outnumbered).
  8325 | Lair:1   | Reached skill level 16 in Unarmed Combat
  8328 | Lair:1   | 8328 ||| Stepping ~*~*~tactically~*~*~ (outnumbered).
  8330 | Lair:1   | 8330 ||| Stepping ~*~*~tactically~*~*~ (outnumbered).
  8331 | Lair:1   | 8331 ||| Stepping ~*~*~tactically~*~*~ (outnumbered).
  8336 | Lair:1   | 8336 ||| Stepping ~*~*~tactically~*~*~ (outnumbered).
  8337 | Lair:1   | 8337 ||| Stepping ~*~*~tactically~*~*~ (outnumbered).
  8338 | Lair:1   | 8338 ||| Stepping ~*~*~tactically~*~*~ (outnumbered).
  8339 | Lair:1   | 8339 ||| Stepping ~*~*~tactically~*~*~ (outnumbered).
  8343 | Lair:1   | Killed a death yak
  8432 | Lair:1   | 8432 ||| Stepping ~*~*~tactically~*~*~ (stealth).
  8600 | Lair:1   | 8600 ||| Stepping ~*~*~tactically~*~*~ (stealth).
  8602 | Lair:1   | 8602 ||| Stepping ~*~*~tactically~*~*~ (stealth).
  8606 | Lair:1   | 8606 ||| Stepping ~*~*~tactically~*~*~ (stealth).
  8611 | Lair:1   | 8611 ||| Stepping ~*~*~tactically~*~*~ (stealth).
  8612 | Lair:1   | 8612 ||| Stepping ~*~*~tactically~*~*~ (stealth).
  8614 | Lair:1   | 8614 ||| Stepping ~*~*~tactically~*~*~ (stealth).
  8615 | Lair:1   | 8615 ||| Stepping ~*~*~tactically~*~*~ (stealth).
  8620 | Lair:1   | 8620 ||| INVOKING Fiery Armour.
  8621 | Lair:1   | 8621 ||| Stepping ~*~*~tactically~*~*~ (outnumbered).
  8969 | Lair:1   | 8969 ||| PLANNING CONVERSION TO OKAWARU
  9162 | D:3      | Fell from the grace of Ignis
  9162 | D:3      | Became a worshipper of Warmaster Okawaru
  9163 | D:3      | 9163 ||| PLANNING LAIR
  9163 | D:3      | 9163 ||| UPGRADING to ring of poison resistance.
  9165 | D:3      | 9165 ||| READING scroll labelled HIGGECR NIRPH.
  9166 | D:3      | 9166 ||| DRINKING 2 bubbling grey potions.
  9167 | D:3      | 9167 ||| READING 8 scrolls of identify.
  9167 | D:3      | 9167 ||| IDENTIFYING ruby potion
  9168 | D:3      | 9168 ||| READING 7 scrolls of identify.
  9168 | D:3      | 9168 ||| IDENTIFYING glowing silvery potion
  9169 | D:3      | 9169 ||| DROPPING potion of invisibility.
  9170 | D:3      | 9170 ||| DROPPING potion of brilliance.
  9824 | Lair:2   | Reached * piety under Okawaru
  9825 | Lair:2   | 9825 ||| INVOKING Heroism.
  9839 | Lair:2   | Reached skill level 17 in Unarmed Combat
 10024 | Lair:2   | 10024 ||| UPGRADING to +1 cloak.
 10034 | Lair:2   | 10034 ||| DROPPING +0 cloak.
 10035 | Lair:2   | 10035 ||| UPGRADING to amulet of reflection.
 10045 | Lair:2   | 10045 ||| DROPPING amulet of the acrobat.
 10046 | Lair:2   | 10046 ||| READING 8 scrolls of identify.
 10046 | Lair:2   | 10046 ||| IDENTIFYING yellow potion
 10047 | Lair:2   | 10047 ||| DROPPING potion of ambrosia.
 10070 | Lair:3   | 10070 ||| STAIRDANCE
 10072 | Lair:2   | 10072 ||| Stepping ~*~*~tactically~*~*~ (outnumbered).
 10073 | Lair:2   | 10073 ||| Stepping ~*~*~tactically~*~*~ (outnumbered).
 10074 | Lair:2   | 10074 ||| Stepping ~*~*~tactically~*~*~ (outnumbered).
 10075 | Lair:2   | 10075 ||| Stepping ~*~*~tactically~*~*~ (outnumbered).
 10076 | Lair:2   | 10076 ||| Stepping ~*~*~tactically~*~*~ (outnumbered).
 10077 | Lair:2   | 10077 ||| Stepping ~*~*~tactically~*~*~ (outnumbered).
 10080 | Lair:2   | 10080 ||| Stepping ~*~*~tactically~*~*~ (outnumbered).
 10111 | Lair:3   | Noticed a death yak
 10111 | Lair:3   | Noticed a death yak
 10111 | Lair:3   | Noticed a death yak
 10111 | Lair:3   | Noticed a death yak
 10111 | Lair:3   | Noticed a death yak
 10111 | Lair:3   | Noticed a death yak
 10111 | Lair:3   | Noticed a seven-headed hydra
 10112 | Lair:3   | 10112 ||| STAIRDANCE
 10114 | Lair:2   | 10114 ||| INVOKING Heroism.
 10119 | Lair:2   | Killed a ten-headed hydra
 10120 | Lair:2   | Reached skill level 1 in Invocations
 10120 | Lair:2   | Reached XP level 12. HP: 61/118 MP: 9/12
 10153 | Lair:3   | 10153 ||| STAIRDANCE
 10155 | Lair:2   | 10155 ||| INVOKING Heroism.
 10155 | Lair:2   | HP: 24/118 [death yak (6)]
 10155 | Lair:2   | HP: 2/118 [death yak (22)]
 10156 | Lair:2   | 10156 ||| READING 2 scrolls of teleportation.
 10156 | Lair:2   | Demolished by a death yak

Levels and vault maps discovered:
D:1:      scummos_arrival_checkerplants, layout_basic,
          chequers_ecumenical_altar_simple_redux, minmay_misc_feat_five,
          minivault_14
D:2:      layout_loops_corners, kennysheep_boxes
D:3:      layout_loops_ring, slow_altar_1, grunt_temple_overflow_open,
          dreamdust_princess_corridor, grunt_decor_cap
D:4:      layout_basic, mainiacjoe_overflow_small_starburst,
          nicolae_kikubaaqudgha_miasma_corner, fedhas_altar_1,
          pf_just_have_faith
D:5:      layout_loops_cross, serial_shops,
          nicolae_shop_temple_entry_statues_fountains, guppyfry_early_lair_pool,
          uniq_grinder
D:6:      layout_loops_ring, zin_academy
D:7:      layout_gridville, lemuel_crystal_altar, lemuel_round_altar,
          old_standard_altar, minmay_temple_entry_proselytizer, grunt_ogre_cave,
          uniq_pikel, uniq_menkaure
D:8:      layout_cave_pods, mainiacjoe_overflow_alcove_4
D:9:      layout_basic, doesnt_xom_only_xom, nicolae_overflow_crystal_walls,
          amcnicky_altar_gilded, uniq_psyche
D:10:     layout_gridville, nicolae_dithmenos_shadow_blocks, dpeg_lair_monsters,
          hangedman_decor_push, bh_walls_and_bars
Lair:1:   layout_misc_corridors, serial_bayou_shore_a
Lair:2:   layout_regular_city, patterned_corridor
Lair:3:   layout_regular_city, minmay_swamp_entry_eels, spider_nest_entry_rubble

Skill      XL: |  1  2  3  4  5  6  7  8  9 10 11 |
---------------+----------------------------------+-----
Unarmed Combat | 4 5 6 7 9 11 13 15 17 | 17.0
Throwing       | 1 2 |  2.2
Fighting       | 3 4 5 6 7 |  7.1
Dodging        | 1 2 |  2.2
Armour         | 1 2 |  2.4
Invocations    | 1 |  1.6
Spellcasting   | |  1.0
Fire Magic     | |  2.1

Action                   |  1- 3 |  4- 6 |  7- 9 | 10-12 || total
-------------------------+-------+-------+-------+-------++-------
Melee: Unarmed           |    70 |    97 |   206 |   267 ||   640
       Punch             |     1 |     1 |     1 |    11 ||    14
Throw: Javelin           |       |     6 |    18 |       ||    24
       Boomerang         |       |       |    20 |    33 ||    53
Invok: Fiery Armour      |     1 |     2 |     3 |     6 ||    12
       Heroism           |       |       |       |     3 ||     3
  Use: Scroll            |     4 |     5 |     7 |    10 ||    26
       Potion            |       |     2 |       |     3 ||     5
 Stab: Distracted        |       |       |       |     1 ||     1
Armor: Robe              |    15 |    23 |    33 |    37 ||   108
       Troll leather arm |       |       |       |    62 ||    62
Dodge: Dodged            |    25 |    32 |    75 |   138 ||   270
Block: Other             |       |       |       |    10 ||    10

Table legend:
 A = Non-vault XP
 B = Vault XP
 C = Vault XP percentage of total XP
 D = Non-vault monster count
 E = Vault monster count
 F = Vault count percentage of total count
                 A         B        C        D         E       F
            +---------+---------+-------+---------+---------+-------
      Total |   18040 |    4186 |  18.8 |     202 |      21 |   9.4
            +---------+---------+-------+---------+---------+-------
        D:1 |      33 |       0 |   0.0 |      16 |       0 |   0.0
        D:2 |      29 |       0 |   0.0 |       9 |       0 |   0.0
        D:3 |     143 |      18 |  11.2 |      20 |       1 |   4.8
        D:4 |     585 |       0 |   0.0 |      24 |       0 |   0.0
        D:5 |     822 |     330 |  28.6 |      14 |       4 |  22.2
        D:6 |     449 |       0 |   0.0 |       7 |       0 |   0.0
        D:7 |    1489 |     940 |  38.7 |      27 |       4 |  12.9
        D:8 |    1000 |     391 |  28.1 |      17 |       1 |   5.6
        D:9 |    1805 |       0 |   0.0 |      18 |       0 |   0.0
       D:10 |    3203 |    2507 |  43.9 |      14 |      11 |  44.0
     Lair:1 |    5163 |       0 |   0.0 |      23 |       0 |   0.0
     Lair:2 |    3319 |       0 |   0.0 |      13 |       0 |   0.0
            +---------+---------+-------+---------+---------+-------
